| TOP OF THE 1ST |
|
Harrisburg Senators batting - Pitching for Altoona Curve : RHP Matt Decker
|
|
Pitching: RHP Matt Decker
|
|
|
Batting: RHB Jim Miske
|
0-0: Called Strike 0-1: Ball 1-1: Ball 2-1: Foul Ball, location: 2F 2-2: Foul Ball, location: 2F 2-2: Fly out, F8 (Flyball, 8RM, EV 80.0 MPH)
|
|
Batting: RHB Kevin Wick
|
0-0: Called Strike 0-1: Ball 1-1: Ball 2-1: Fly out, F7 (Flyball, 78M, EV 76.2 MPH)
|
|
Batting: LHB Nate Melendez
|
0-0: Called Strike 0-1: Ball 1-1: Ball 2-1: Swinging Strike 2-2: Strikes out swinging
|
| Top of the 1st over - 0 runs, 0 hits, 0 errors, 0 left on base; Harrisburg 0 - Altoona 0 |
| BOTTOM OF THE 1ST |
|
Altoona Curve batting - Pitching for Harrisburg Senators : LHP Sean Carr
|
|
Pitching: LHP Sean Carr
|
|
|
Batting: RHB Chris Pozzi
|
0-0: Swinging Strike 0-1: Ball 1-1: Foul Ball, location: 2F 1-2: Foul Ball, location: 2F 1-2: Ball 2-2: Foul Ball, location: 2F 2-2: Ball 3-2: Ground out 3-1 (Groundball, 34, EV 98.8 MPH)
|
|
Batting: RHB Ron Corn
|
0-0: Ball 1-0: Foul Ball, location: 2F 1-1: Ball 2-1: SINGLE (Line Drive, 7S, EV 102.5 MPH)
|
|
Batting: RHB Jose Almonte
|
0-0: Swinging Strike 0-1: Swinging Strike 0-2: Strikes out swinging
|
|
Batting: RHB Killian Jones
|
0-0: Ball Ron Corn steals 2nd base (no throw) 1-0: Swinging Strike 1-1: Foul Ball, location: 2F 1-2: Foul Ball, location: 2F 1-2: Fly out, F7 (Line Drive, 7D, EV 86.9 MPH)
|
| Bottom of the 1st over - 0 runs, 1 hit, 0 errors, 1 left on base; Harrisburg 0 - Altoona 0 |
| TOP OF THE 2ND |
|
Harrisburg Senators batting - Pitching for Altoona Curve : RHP Matt Decker
|
|
Batting: RHB Donovan Auclair
|
0-0: Ball 1-0: Called Strike 1-1: Ground out 5-3 (Groundball, 56S, EV 70.0 MPH)
|
|
Batting: RHB Rene Montoya
|
0-0: Ball 1-0: Fly out, F8 (Flyball, 8RM, EV 81.9 MPH)
|
|
Batting: RHB John McNeill
|
0-0: Foul Ball, location: 2F 0-1: Called Strike 0-2: Ball 1-2: Foul Ball, location: 2F 1-2: Foul Ball, location: 2F 1-2: Strikes out looking
|
| Top of the 2nd over - 0 runs, 0 hits, 0 errors, 0 left on base; Harrisburg 0 - Altoona 0 |
| BOTTOM OF THE 2ND |
|
Altoona Curve batting - Pitching for Harrisburg Senators : LHP Sean Carr
|
|
Batting: RHB Nelson Ozuna
|
0-0: Called Strike 0-1: Called Strike 0-2: Foul Ball, location: 2F 0-2: Ball 1-2: Foul Ball, location: 2F 1-2: Foul Ball, location: 2F 1-2: Strikes out swinging
|
|
Batting: RHB Brian Moore
|
0-0: Ball 1-0: Ball 2-0: SINGLE (Groundball, 56D, EV 100.6 MPH)
|
|
Batting: RHB Keiji Nakajima
|
0-0: Called Strike 0-1: Foul Ball, location: 2F 0-2: Ball 1-2: Foul Ball, location: 2F 1-2: Foul Ball, location: 2F 1-2: Foul Ball, location: 2F 1-2: Ball 2-2: Foul Ball, location: 2F 2-2: Strikes out swinging
|
|
Batting: SHB Jerry Massey
|
0-0: Called Strike 0-1: Fly out, F3 (Popup, 3, EV 80.0 MPH)
|
| Bottom of the 2nd over - 0 runs, 1 hit, 0 errors, 1 left on base; Harrisburg 0 - Altoona 0 |
| TOP OF THE 3RD |
|
Harrisburg Senators batting - Pitching for Altoona Curve : RHP Matt Decker
|
|
Batting: RHB Gabe Almazan
|
0-0: Ball 1-0: Fly out, F7 (Line Drive, 7, EV 99.4 MPH)
|
|
Batting: RHB Tony Madrigal
|
0-0: Ball 1-0: Swinging Strike 1-1: Called Strike 1-2: Strikes out swinging
|
|
Batting: RHB Josh Lykins
|
0-0: Ball 1-0: SINGLE (Groundball, 6MD, EV 110.0 MPH)
|
|
Batting: RHB Jim Miske
|
0-0: Ball 1-0: Swinging Strike 1-1: Ball 2-1: Called Strike 2-2: Foul Ball, location: 2F 2-2: Fly out, F9 (Flyball, 89M, EV 95.0 MPH)
|
| Top of the 3rd over - 0 runs, 1 hit, 0 errors, 1 left on base; Harrisburg 0 - Altoona 0 |
| BOTTOM OF THE 3RD |
|
Altoona Curve batting - Pitching for Harrisburg Senators : LHP Sean Carr
|
|
Batting: RHB Bahiyy al Din bin Mamdouh
|
0-0: Called Strike 0-1: Ball 1-1: Foul Ball, location: 2F 1-2: Strikes out swinging
|
|
Batting: RHB Chris Pozzi
|
0-0: Called Strike 0-1: Ball 1-1: Ball 2-1: Ground out 6-3 (Groundball, 6, EV 79.4 MPH)
|
|
Batting: RHB Ron Corn
|
0-0: Called Strike 0-1: Swinging Strike 0-2: Strikes out swinging
|
| Bottom of the 3rd over - 0 runs, 0 hits, 0 errors, 0 left on base; Harrisburg 0 - Altoona 0 |
| TOP OF THE 4TH |
|
Harrisburg Senators batting - Pitching for Altoona Curve : RHP Matt Decker
|
|
Batting: RHB Kevin Wick
|
0-0: Called Strike 0-1: SINGLE (Groundball, 6MD, EV 105.6 MPH)
|
|
Batting: LHB Nate Melendez
|
0-0: Swinging Strike Kevin Wick steals 2nd base 0-1: Ground out 4-3 (Groundball, 4, EV 81.2 MPH) Kevin Wick to third
|
|
Batting: RHB Donovan Auclair
|
0-0: Ball 1-0: Foul Ball, location: 2F 1-1: Foul Ball, location: 2F 1-2: Ball 2-2: Fly out, F9 (Flyball, 89D, EV 106.2 MPH) Runner from 3rd tags up, SCORES, throw by RF
|
|
Batting: RHB Rene Montoya
|
0-0: Swinging Strike 0-1: Ball 1-1: Ball 2-1: Called Strike 2-2: Ball 3-2: Strikes out swinging
|
| Top of the 4th over - 1 run, 1 hit, 0 errors, 0 left on base; Harrisburg 1 - Altoona 0 |
| BOTTOM OF THE 4TH |
|
Altoona Curve batting - Pitching for Harrisburg Senators : LHP Sean Carr
|
|
Batting: RHB Jose Almonte
|
0-0: Ground out 6-3 (Groundball, 6, EV 83.8 MPH)
|
|
Batting: RHB Killian Jones
|
0-0: Ball 1-0: Ball 2-0: Called Strike 2-1: Swinging Strike 2-2: Ball 3-2: Fly out, F8 (Flyball, 8RD, EV 95.6 MPH)
|
|
Batting: RHB Nelson Ozuna
|
0-0: Foul Ball, location: 2F 0-1: Ball 1-1: Foul Ball, location: 2F 1-2: Ball 2-2: SINGLE (Groundball, 4MS, EV 87.5 MPH) (infield hit)
|
|
Batting: RHB Brian Moore
|
0-0: Ball 1-0: Ball 2-0: Called Strike 2-1: Swinging Strike 2-2: Foul Ball, location: 2F 2-2: Strikes out swinging
|
| Bottom of the 4th over - 0 runs, 1 hit, 0 errors, 1 left on base; Harrisburg 1 - Altoona 0 |
| TOP OF THE 5TH |
|
Harrisburg Senators batting - Pitching for Altoona Curve : RHP Matt Decker
|
|
Batting: RHB John McNeill
|
0-0: Swinging Strike 0-1: Swinging Strike 0-2: Ball 1-2: SINGLE (Line Drive, 9LM, EV 95.6 MPH)
|
|
Batting: RHB Gabe Almazan
|
0-0: Called Strike 0-1: Ball 1-1: Ball 2-1: SINGLE (Flyball, 3D, EV 90.0 MPH) John McNeill to second
|
|
Batting: RHB Tony Madrigal
|
0-0: Ball 1-0: Called Strike 1-1: Called Strike John McNeill is caught stealing 3rd base 2-5 1-2: Ball 2-2: Fly out, F9 (Flyball, 89M, EV 78.1 MPH)
|
|
Batting: RHB Josh Lykins
|
0-0: Called Strike Gabe Almazan steals 2nd base 0-1: Called Strike 0-2: Strikes out swinging
|
| Top of the 5th over - 0 runs, 2 hits, 0 errors, 1 left on base; Harrisburg 1 - Altoona 0 |
| BOTTOM OF THE 5TH |
|
Altoona Curve batting - Pitching for Harrisburg Senators : LHP Sean Carr
|
|
Batting: RHB Keiji Nakajima
|
0-0: Ball 1-0: Reached on error, E4 (Groundball, 4, EV 106.2 MPH)
|
|
Batting: SHB Jerry Massey
|
0-0: Foul Ball, location: 2F 0-1: Ball 1-1: DOUBLE (Flyball, 89D, EV 105.0 MPH) Keiji Nakajima to third
|
|
Batting: RHB Bahiyy al Din bin Mamdouh
|
0-0: Ball 1-0: Ball 2-0: Called Strike 2-1: Called Strike 2-2: Foul Ball, location: 2F 2-2: Foul Ball, location: 2F 2-2: Foul Ball, location: 2F 2-2: Ground out 6-3 (Groundball, 6, EV 103.1 MPH)
|
|
Batting: RHB Chris Pozzi
|
0-0: Swinging Strike 0-1: Fly out, F7 (Flyball, 78D, EV 103.8 MPH) Runner from 3rd tags up, SCORES, throw by LF Jerry Massey to third
|
|
Batting: RHB Ron Corn
|
0-0: Called Strike 0-1: Ball 1-1: Swinging Strike 1-2: DOUBLE (Groundball, 3L, EV 108.8 MPH) Jerry Massey scores
|
|
Pitching: LHP Kyle Bachman
|
|
|
Batting: RHB Jose Almonte
|
0-0: Called Strike 0-1: Ball 1-1: Swinging Strike 1-2: Ball 2-2: Foul Ball, location: 2F 2-2: Strikes out looking
|
| Bottom of the 5th over - 2 runs, 2 hits, 1 error, 1 left on base; Harrisburg 1 - Altoona 2 |
| TOP OF THE 6TH |
|
Harrisburg Senators batting - Pitching for Altoona Curve : RHP Matt Decker
|
|
Batting: RHB Jim Miske
|
0-0: Ball 1-0: SOLO HOME RUN (Flyball, 78XD, EV 103.1 MPH), Distance : 395 ft
|
|
Batting: RHB Kevin Wick
|
0-0: Called Strike 0-1: Called Strike 0-2: Ball 1-2: Ball 2-2: Ball 3-2: SINGLE (Line Drive, 7S, EV 106.2 MPH)
|
|
Batting: LHB Nate Melendez
|
0-0: Called Strike Kevin Wick steals 2nd base 0-1: Foul Ball, location: 2F 0-2: Fly out, F8 (Flyball, 8RD, EV 81.9 MPH)
|
|
Batting: RHB Donovan Auclair
|
0-0: Foul Ball, location: 2F 0-1: Ground out 6-3 (Groundball, 6, EV 91.9 MPH)
|
|
Batting: RHB Rene Montoya
|
0-0: Ball 1-0: Called Strike 1-1: Ground out 4-3 (Groundball, 4, EV 81.2 MPH)
|
| Top of the 6th over - 1 run, 2 hits, 0 errors, 1 left on base; Harrisburg 2 - Altoona 2 |
| BOTTOM OF THE 6TH |
|
Altoona Curve batting - Pitching for Harrisburg Senators : LHP Kyle Bachman
|
|
Batting: RHB Killian Jones
|
0-0: Ball 1-0: Ball 2-0: Ball 3-0: Base on Balls
|
|
Batting: RHB Nelson Ozuna
|
0-0: Ball 1-0: Ball 2-0: Foul Ball, location: 2F 2-1: Foul Ball, location: 2F 2-2: Foul Ball, location: 2F 2-2: Ball Wild Pitch! Killian Jones to second 3-2: Hit by Pitch
|
|
Batting: RHB Brian Moore
|
0-0: Ball 1-0: Called Strike 1-1: Ball 2-1: Foul Ball, location: 2F 2-2: Ball 3-2: Base on Balls Killian Jones to third Nelson Ozuna to second
|
|
Batting: RHB Keiji Nakajima
|
0-0: Called Strike 0-1: Called Strike 0-2: Strikes out swinging
|
|
Batting: SHB Jerry Massey
|
0-0: Foul Ball, location: 2F 0-1: Ball 1-1: Called Strike 1-2: Ball 2-2: Strikes out swinging
|
|
Pitching: RHP Ramon Rodriguez
|
|
|
Batting: RHB Bahiyy al Din bin Mamdouh
|
0-0: Called Strike 0-1: Ball 1-1: Ground out 5-3 (Groundball, 56S, EV 88.1 MPH)
|
| Bottom of the 6th over - 0 runs, 0 hits, 0 errors, 3 left on base; Harrisburg 2 - Altoona 2 |
| TOP OF THE 7TH |
|
Harrisburg Senators batting - Pitching for Altoona Curve : RHP Matt Decker
|
|
Batting: RHB John McNeill
|
0-0: Called Strike 0-1: Swinging Strike 0-2: Ball 1-2: Strikes out looking
|
|
Batting: RHB Gabe Almazan
|
0-0: Called Strike 0-1: Ball 1-1: Fly out, F9 (Flyball, 89M, EV 92.5 MPH)
|
|
Batting: RHB Tony Madrigal
|
0-0: Ball 1-0: Foul Ball, location: 2F 1-1: Foul Ball, location: 2F 1-2: Ground out 3-1 (Groundball, 34, EV 110.0 MPH)
|
| Top of the 7th over - 0 runs, 0 hits, 0 errors, 0 left on base; Harrisburg 2 - Altoona 2 |
| BOTTOM OF THE 7TH |
|
Altoona Curve batting - Pitching for Harrisburg Senators : RHP Ramon Rodriguez
|
|
Batting: RHB Chris Pozzi
|
0-0: Called Strike 0-1: Foul Ball, location: 2F 0-2: Strikes out swinging, 2-3 out at first.
|
|
Batting: RHB Ron Corn
|
0-0: Swinging Strike 0-1: Ground out 4-3 (Groundball, 4M, EV 99.4 MPH)
|
|
Batting: RHB Jose Almonte
|
0-0: Called Strike 0-1: SINGLE (Groundball, 6MD, EV 96.9 MPH)
|
|
Batting: RHB Killian Jones
|
0-0: Ball 1-0: Fly out, F9 (Flyball, 9D, EV 104.4 MPH)
|
| Bottom of the 7th over - 0 runs, 1 hit, 0 errors, 1 left on base; Harrisburg 2 - Altoona 2 |
| TOP OF THE 8TH |
|
Harrisburg Senators batting - Pitching for Altoona Curve : RHP Matt Decker
|
|
Pitching: RHP Doug Rawson
|
|
|
Batting: RHB Josh Lykins
|
0-0: Ball 1-0: Called Strike 1-1: Foul Ball, location: 2F 1-2: Foul Ball, location: 2F 1-2: Foul Ball, location: 2F 1-2: Foul Ball, location: 2F 1-2: Strikes out swinging
|
|
Batting: RHB Jim Miske
|
0-0: Swinging Strike 0-1: Foul Ball, location: 2F 0-2: Foul Ball, location: 2F 0-2: Ball 1-2: Reached on error, E5 (Groundball, 56, EV 109.4 MPH)
|
|
Batting: RHB Kevin Wick
|
0-0: Called Strike 0-1: Ball 1-1: Ball Jim Miske steals 2nd base (no throw) 2-1: Ball Jim Miske steals 3rd base 3-1: Swinging Strike 3-2: Strikes out swinging
|
|
Batting: LHB Nate Melendez
|
0-0: Ball 1-0: SINGLE (Line Drive, 34, EV 98.1 MPH) Jim Miske scores
|
|
Batting: RHB Donovan Auclair
|
0-0: Ball 1-0: Ball Nate Melendez steals 2nd base 2-0: Called Strike 2-1: Foul Ball, location: 2F 2-2: Ball 3-2: Fly out, F9 (Line Drive, 9S, EV 92.5 MPH)
|
| Top of the 8th over - 1 run, 1 hit, 1 error, 1 left on base; Harrisburg 3 - Altoona 2 |
| BOTTOM OF THE 8TH |
|
Altoona Curve batting - Pitching for Harrisburg Senators : RHP Ramon Rodriguez
|
|
Batting: RHB Nelson Ozuna
|
0-0: Ball 1-0: Swinging Strike 1-1: Foul Ball, location: 2F 1-2: Strikes out swinging
|
|
Batting: RHB Brian Moore
|
0-0: Ball 1-0: Called Strike 1-1: Ground out 6-3 (Groundball, 6, EV 108.1 MPH)
|
|
Batting: RHB Keiji Nakajima
|
0-0: Ball 1-0: Ball 2-0: Called Strike 2-1: Foul Ball, location: 2F 2-2: Fly out, F3 (Popup, 3SF, EV 65.0 MPH)
|
| Bottom of the 8th over - 0 runs, 0 hits, 0 errors, 0 left on base; Harrisburg 3 - Altoona 2 |
| TOP OF THE 9TH |
|
Harrisburg Senators batting - Pitching for Altoona Curve : RHP Doug Rawson
|
|
Pitching: RHP Serguei Rudakovsky
|
|
|
Batting: RHB Rene Montoya
|
0-0: Hit by Pitch
|
|
Batting: RHB John McNeill
|
0-0: Called Strike Rene Montoya steals 2nd base 0-1: Ball 1-1: Called Strike 1-2: Ball 2-2: Foul Ball, location: 2F 2-2: Ball 3-2: Strikes out looking
|
|
Batting: RHB Gabe Almazan
|
0-0: Called Strike 0-1: Fly out, F7 (Flyball, 78S, EV 84.4 MPH)
|
|
Batting: RHB Tony Madrigal
|
0-0: Ball 1-0: Ball 2-0: Foul Ball, location: 2F 2-1: Swinging Strike 2-2: Fly out, F8 (Flyball, 8RM, EV 91.9 MPH)
|
| Top of the 9th over - 0 runs, 0 hits, 0 errors, 1 left on base; Harrisburg 3 - Altoona 2 |
| BOTTOM OF THE 9TH |
|
Altoona Curve batting - Pitching for Harrisburg Senators : RHP Ramon Rodriguez
|
|
Pitching: LHP Kerry Baty
|
|
|
Batting: SHB Jerry Massey
|
0-0: Called Strike 0-1: Ball 1-1: Ball 2-1: Ball 3-1: Called Strike 3-2: Strikes out looking
|
|
Batting: RHB Bahiyy al Din bin Mamdouh
|
0-0: Ball 1-0: Called Strike 1-1: Ground out 6-3 (Groundball, 56, EV 101.2 MPH)
|
|
Batting: RHB Chris Pozzi
|
0-0: Ground out 6-3 (Groundball, 6, EV 83.8 MPH)
|
| Bottom of the 9th over - 0 runs, 0 hits, 0 errors, 0 left on base; Harrisburg 3 - Altoona 2 |
|